 Dungeon Crawl Stone Soup version 0.24-a0-446-g87df7205b4 (webtiles) character file.

Game seed: 4263869976905747596

25 Aksej the Skirmisher (level 2, -6/24 HPs)
             Began as a Demonspawn Chaos Knight on June 24, 2019.
             Was a Plaything of Xom.
             Mangled by a worm (7 damage)
             ... on level 1 of the Dungeon.
             The game lasted 00:01:43 (810 turns).

Aksej the Skirmisher (Demonspawn Chaos Knight)       Turns: 810, Time: 00:01:43

Health: -6/24      AC:  5    Str: 12    XL:     2   Next: 86%
Magic:  2/2        EV: 11    Int: 13    God:    Xom [..*...]
Gold:   20         SH:  0    Dex: 12    Spells: 1/1 levels left

rFire    . . .     SeeInvis .   a - +1 hand axe (chaos)
rCold    . . .     Gourm    .   (no shield)
rNeg     . . .     Faith    .   b - +2 leather armour
rPois    .         Spirit   .   (no helmet)
rElec    .         Reflect  .   (no cloak)
rCorr    .         Harm     .   (no gloves)
MR       .....                  (no boots)
Stlth    +.........             i - amulet of regeneration
HPRegen  0.48/turn              (no ring)
MPRegen  0.08/turn              (no ring)

@: no status effects
A: talons 1
a: Renounce Religion


You were on level 1 of the Dungeon.
You worshipped Xom.
You were a toy of Xom.
You were not hungry.

You visited 1 branch of the dungeon, and saw 2 of its levels.

You collected 20 gold pieces.

Inventory:

Hand Weapons
 a - a +1 hand axe of chaos (weapon)
Armour
 b - a +2 leather armour (worn)
Jewellery
 i - an amulet of regeneration (around neck)
Comestibles
 c - 2 rations


   Skills:
 * Level 3.5 Fighting
 + Level 3.0 Axes
 + Level 2.0 Armour
 * Level 1.2 Dodging


You had one spell level left.
You didn't know any spells.
Your spell library was empty.

Dungeon Overview and Level Annotations

Branches:
Dungeon (2/15)

Altars:


Innate Abilities, Weirdness & Mutations

You have sharp toenails.


Message History

The worm is moderately wounded.
You barely miss the jackal. You hit the frilled lizard.
You burn the frilled lizard.
You kill the frilled lizard!
You barely miss the jackal. x2; The jackal bites you.
The jackal completely misses you. The jackal bites you. The worm bites you.
* * * LOW HITPOINT WARNING * * *
You aren't carrying any potions.
You hit the worm. You freeze the worm. You claw the worm.
The worm is almost dead.
You hit the jackal. You freeze the jackal. You hit the jackal.
The jackal is poisoned.
You miss the jackal.
You kill the jackal!
The jackal bites you but does no damage. x2
The jackal bites you.
* * * LOW HITPOINT WARNING * * *
The jackal bites you.
* * * LOW HITPOINT WARNING * * *
The worm bites you!
You die...

.#..#..# ######.###### #...#
...###.# #......### #...#
.#..#..#######.#......# #....
.##...##..........###.#######...#
.....###......###.# #.##.........
##.### #......# #.# #............
#.# #......###.# ####.........
##.# #.......h†h# ######.... ...#
#########@#### #...# ##.# #hw..#
#...# #.# ##### ####.# #....
##.#######...## #.##### ##....
.....##....#..#####.....####...#.
##.#.##.#.###.......###.....###.#
##.#.##....#..#####.###.##.## ##.
##....##'##..## #.#......# #.
####.###.##### #.#.#.##.## ##.


You could see a worm and 3 jackals.

Vanquished Creatures
  2 dart slugs (D:1)
  2 giant cockroaches (D:1)
  2 goblins (D:1)
  5 hobgoblins (D:1)
  3 jackals (D:1)
  A kobold (D:1)
  A bat (D:1)
  2 frilled lizards (D:1)
18 creatures vanquished.

Notes
Turn   | Place    | Note
-------+----------+-------------------------------------------
     0 | D:1      | Aksej the Demonspawn Chaos Knight began the quest for the
                  | Orb.
     0 | D:1      | Reached XP level 1. HP: 18/18 MP: 1/1
    73 | D:1      | XOM: harmless Necr miscast
   169 | D:1      | XOM: confusion (+ monsters)
   181 | D:1      | Reached skill level 1 in Dodging
   318 | D:1      | XOM: medium Hex miscast
   356 | D:1      | Gained mutation: You have sharp toenails. [demonic
                  | ancestry]
   356 | D:1      | Reached XP level 2. HP: 24/24 MP: 2/2
   456 | D:1      | XOM: smoke on damage
   761 | D:1      | XOM: scenery: 2 doors close
   810 | D:1      | HP: 1/24 [jackal (1)]
   810 | D:1      | Mangled by a worm

Levels and vault maps discovered:
D:1:      mrwooster_arrival_statue_2, layout_loops_cross,
          kennysheep_nondescript, dk_noncrumbling_2, minmay_strange_pillars,
          corner_web_ring
D:2:      layout_basic, lemuel_round_altar,
          chequers_ecumenical_altar_simple_redux,
          minmay_misc_feat_secret_circle, minmay_quadrilaterals, uniq_terence,
          uniq_robin

Skill      XL: |  1  2 |
---------------+-------+-----
Dodging        | 1 |  1.2
Axes           | 3 |  3.0
Armour         | 2 |  2.0
Fighting       | |  3.5

Action                   || total
-------------------------++-------
Melee: Hand axe          ||    44
       Kick              ||     4
  Use: Scroll            ||     4
Armor: Leather armour    ||    20
Dodge: Dodged            ||    34

Table legend:
 A = Non-vault XP
 B = Vault XP
 C = Vault XP percentage of total XP
 D = Non-vault monster count
 E = Vault monster count
 F = Vault count percentage of total count
                 A         B        C        D         E       F
            +---------+---------+-------+---------+---------+-------
      Total |      37 |       0 |   0.0 |      18 |       0 |   0.0
            +---------+---------+-------+---------+---------+-------
        D:1 |      37 |       0 |   0.0 |      18 |       0 |   0.0
            +---------+---------+-------+---------+---------+-------
